 Dungeon Crawl Stone Soup version 0.29.0 (webtiles) character file.

Game seed: 4468871203733861976

0 themarg the Insei (level 1, 0/17 HPs)
             Began as a Gnoll Transmuter on Aug 24, 2022.
             Slain by a bat (1 damage)
             ... on level 1 of the Dungeon.
             The game lasted 00:00:14 (17 turns).

themarg the Insei (Gnoll Transmuter)                  Turns: 17, Time: 00:00:15

Health: 0/17       AC:  2    Str:  9    XL:     1   Next: 0%
Magic:  5/6        EV: 13    Int: 12    God:
Gold:   0          SH:  0    Dex: 12    Spells: 8/9 levels left

rFire   . . .      SeeInvis .     - Unarmed
rCold   . . .      Faith    .   (no shield)
rNeg    . . .      Spirit   .   a - +0 robe
rPois   .          Reflect  .   (helmet currently unavailable)
rElec   .          Harm     .   (no cloak)
rCorr   .          Rampage  .   (no gloves)
Will    .....                   (boots currently unavailable)
Stlth   +.........              (no amulet)
HPRegen 0.05/turn               (no ring)
MPRegen 0.10/turn               (no ring)

@: appendages (expiring)
A: horns 2, talons 2, fangs 1, strong nose, distributed training
a: End Transformation


You were on level 1 of the Dungeon.
You had temporarily grown beastly horns and talons.
You visited 1 branch of the dungeon, and saw 1 of its levels.

Inventory:

Armour
 a - a +0 robe (worn)
Potions
 b - a potion of lignification


   Skills:
 + Level 2.3 Fighting
 + Level 0.0 Short Blades
 + Level 0.0 Long Blades
 + Level 0.0 Axes
 + Level 0.0 Maces & Flails
 + Level 0.0 Polearms
 + Level 0.0 Staves
 + Level 0.0 Ranged Weapons
 + Level 0.0 Throwing
 + Level 0.0 Armour
 + Level 4.4 Dodging
 + Level 0.0 Stealth
 + Level 0.0 Shields
 + Level 6.4 Unarmed Combat
 + Level 4.8 Spellcasting
 + Level 0.0 Conjurations
 + Level 0.0 Hexes
 + Level 0.0 Summonings
 + Level 0.0 Necromancy
 + Level 0.0 Translocations
 + Level 3.6 Transmutations
 + Level 0.0 Fire Magic
 + Level 0.0 Ice Magic
 + Level 0.0 Air Magic
 + Level 0.0 Earth Magic
 + Level 0.0 Poison Magic
 + Level 0.0 Invocations
 + Level 0.0 Evocations


You had 8 spell levels left.
You knew the following spells:

 Your Spells              Type           Power      Damage    Failure   Level
a - Beastly Appendage     Tmut           22%        N/A       4%          1

Your spell library contained the following spells:

 Spells                   Type           Power      Damage    Failure   Level
 Wereblood                Tmut           11%        N/A       7%          2
 Spider Form              Tmut/Pois      7%         N/A       28%         3
 Ice Form                 Ice/Tmut       7%         N/A       67%         4


Dungeon Overview and Level Annotations

Branches:
Dungeon (1/15)

Altars:


Innate Abilities, Weirdness & Mutations

You have temporarily grown beastly horns and talons.
You have very sharp teeth.
Your uncanny sense of smell can sniff out nearby items.
Your experience applies equally to all skills.


Message History

Welcome, themarg the Gnoll Transmuter.
Will you be the one to retrieve the splendid Orb of Zot from the depths?
Press ? for a list of commands and other information.
Found a staircase leading out of the dungeon.
You open the door.
There is an open door here.
A sourceless malevolence fills the Dungeon... and a teleportation trap spontaneously manifests!
You are yanked towards some nearby monsters!
Your surroundings suddenly seem different. 2 jackals come into view.
Found a puce potion and 16 gold pieces.
Found 11 gold pieces.
A gnoll comes into view. It is wielding a +0 flail.
Found 13 gold pieces.
Casting: Beastly Appendage (safe; 4% risk of failure)
Confirm with . or Enter, or press ? or * to list all spells.
You grow a pair of large bovine horns.
Your feet morph into talons.
The gnoll shouts!
You hear a bark!
A bat comes into view.
You punch the gnoll! You claw the gnoll. Your headbutt misses the gnoll.
You bite the gnoll, but do no damage.
The gnoll is severely wounded.
The bat hits you but does no damage. The bat closely misses you.
You barely miss the gnoll. Your kick misses the gnoll.
The gnoll is severely wounded.
The bat barely misses you.
A rat comes into view.
The gnoll hits you with a +0 flail!
Ouch! That really hurt!
You hit the gnoll.
The gnoll is severely wounded.
Your transformation is almost over.
The bat misses you. The gnoll hits you with a +0 flail.
* * * LOW HITPOINT WARNING * * *
The bat hits you but does no damage.
The jackal barks!
You punch the gnoll!
You kill the gnoll!
The bat hits you.
You die...

#.h............
.h #.........
#r. ##....####
... ##.####
#.## #..# #...#
#.##
#####..##.#
..$..hb...#
......)@..#
..........#
.........$#
............
..........#..
.#######.###.#
#.. ... ... ..
#.#


You could see 2 jackals, a bat and a rat.

Vanquished Creatures
  A gnoll (D:1)
1 creature vanquished.

Notes
Turn   | Place    | Note
-------+----------+-------------------------------------------
     0 | D:1      | themarg the Gnoll Transmuter began the quest for the Orb.
     0 | D:1      | Reached XP level 1. HP: 17/17 MP: 6/6
    17 | D:1      | Slain by a bat

Illustrated notes

Levels and vault maps discovered:
D:1:      minmay_arrival_four_houses, layout_basic, lemuel_old_faithful

Action                   || total
-------------------------++-------
Melee: Unarmed           ||     4
       Kick              ||     1
       Bite              ||     1
 Cast: Beastly Appendage ||     1
Armor: Robe              ||     2
Dodge: Dodged            ||     3
